 Dungeon Crawl Stone Soup version 0.31.0-32-g396128a36d (webtiles) character file.

Game seed: 11859125275763661081

7529 Gabide the Charlatan (level 10, 0/86 HPs)
             Began as a Demigod Wanderer on Apr 23, 2024.
             Killed from afar by an acid dragon (22 damage)
             ... with a splash of acid
             ... on level 10 of the Dungeon.
             The game lasted 00:17:48 (9348 turns).

Gabide the Charlatan (Demigod Wanderer)             Turns: 9348, Time: 00:17:48

Health: 0/86       AC:  5    Str: 21    XL:     10   Next: 64%
Magic:  13/13      EV: 14    Int: 16    God:
Gold:   78         SH:  0    Dex: 19    Spells: 9/9 levels left

rFire   . . .        a - +6 quarterstaff (chaos)
rCold   . . .        (shield currently unavailable)
rNeg    . . .        j - +1 scale mail of Pride {Int+4}
rPois   .            m - +1 helmet
rElec   .            p - +0 cloak
rCorr   .            r - +0 pair of gloves
SInv    .            (no boots)
Will    ++...        (no amulet)
Stlth   x              - +4 ring of slaying
HPRegen 0.34/turn    O - ring of willpower
MPRegen 0.13/turn

%: no passive effects
@: corroded
A: high MP 1, forlorn, divine attributes
a: no special abilities


You were on level 10 of the Dungeon.
You visited 2 branches of the dungeon, and saw 11 of its levels.

You collected 461 gold pieces.
You spent 383 gold pieces at shops.

Inventory:

Hand Weapons
 a - a +6 quarterstaff of chaos (weapon)
 b - a +0 sling
 c - a +5 dagger of flaming
Missiles
 d - 42 poisoned darts
 t - 13 boomerangs (quivered)
 v - a throwing net
Armour
 j - the +1 scale mail of Pride (worn) {Int+4}
   (You found it on level 2 of the Dungeon)

   Int+4:     It affects your intelligence (+4).
 m - a +1 helmet (worn)
 p - a +0 cloak (worn)
 r - a +0 pair of gloves (worn)
Magical Staves
 s - a staff of fire
Jewellery
 q - a ring of flight
 u - a ring of protection from fire
 x - a +4 ring of slaying (left hand)
 A - a ring of see invisible
 O - a ring of willpower (right hand)
Wands
 f - a wand of digging (6)
 h - a wand of charming (1)
 w - a wand of mindburst (11)
 F - a wand of flame (73)
 H - a wand of light (9)
Scrolls
 g - 6 scrolls of teleportation
 n - a scroll of fear
 y - 2 scrolls of poison
 z - a scroll of revelation
 B - a scroll of fog
 I - a scroll of butterflies
 M - a scroll of immolation
 N - a scroll of blinking
Potions
 e - a potion of brilliance
 k - 2 potions of ambrosia
 l - 3 potions of enlightenment
 o - 2 potions of attraction
 C - 2 potions of lignification
 D - a potion of haste {unknown}
 E - a potion of heal wounds
 K - a potion of cancellation
 L - a potion of might
 P - 2 potions of mutation {unknown}
 Q - a potion of invisibility {unknown}
Miscellaneous
 i - a phantom mirror


   Skills:
 + Level 7.0 Fighting
 - Level 2.6(5.0) Polearms
 + Level 6.7(6.9) Staves
 - Level 3.0 Throwing
 + Level 6.9 Armour
 + Level 6.9 Dodging
 + Level 7.0 Evocations


You had 9 spell levels left.
You didn't know any spells.
Your spell library contained the following spells:

 Spells                   Type           Power      Damage    Failure   Level
 Kiss of Death            Conj/Necr      0%         2d5       52%         1
 Ensorcelled Hibernation  Hex/Ice        0%         N/A       67%         2
 Confusing Touch          Hex            0%         N/A       88%         3
 Frozen Ramparts          Ice            0%         1d1       88%         3
 Fugue of the Fallen      Necr           0%         N/A       88%         3
 Inner Flame              Hex/Fire       0%         N/A       88%         3
 Tukima's Dance           Hex            0%         N/A       88%         3
 Volatile Blastmotes      Fire/Tloc      0%         2d10      88%         3
 Anguish                  Hex/Necr       0%         N/A       99%         4
 Dimensional Bullseye     Hex/Tloc       0%         N/A       99%         4
 Dispel Undead            Necr           0%         3d6       99%         4
 Flame Wave               Conj/Fire      0%         2d4       99%         4
 Fulminant Prism          Conj/Alch      0%         3d5       99%         4
 Iskenderun's Mystic Bla  Conj/Tloc      0%         2d3       99%         4
 Leda's Liquefaction      Alch/Erth      0%         N/A       99%         4
 Petrify                  Alch/Erth      0%         N/A       99%         4
 Sticky Flame             Fire/Alch      0%         2d4       99%         4
 Vhi's Electric Charge    Tloc/Air       0%         N/A       99%         4
 Arcjolt                  Conj/Air       0%         1d10      100%        5
 Metabolic Englaciation   Hex/Ice        0%         N/A       100%        5
 Plasma Beam              Fire/Air       0%         2x1d10    100%        6


Dungeon Overview and Level Annotations

Branches:
Dungeon (10/15)            Temple (1/1) D:6            Lair (0/5) D:9
    Orc: D:9-12

Shops:
D:7 !**

Annotations:
D:8 1 transporter, Syis's ghost, novice FeBe


Innate Abilities, Weirdness & Mutations

You have an increased reservoir of magic. (+10% MP)
You shall have no god before yourself.
Your divine heritage dramatically boosts your attributes as you level up.


Message History

The hornet barely misses you.
Aiming: Mindburst
Press: ? - help, Shift-Dir - straight line, f - hornet
Aim: a hornet (heavily wounded, strong, chance to affect: 80%)
The hornet's mind is blasted!!
You blow up the hornet!
Your Fighting skill increases to level 7!
Unknown command.
You feel yourself speed up.
HP restored.
Found a pair of gloves.
An acid dragon comes into view.
The acid dragon roars!
The acid dragon spits acid at you. The splash of acid hits you!
The acid corrodes you!
An acid dragon is nearby!
An acid dragon is nearby!
An acid dragon is nearby!
You hit the acid dragon but do no damage.
The acid dragon spits acid at you. The splash of acid hits you!!
The acid corrodes you!
You are too injured to fight recklessly!
Aiming: Bolt of Light
Press: ? - help, Shift-Dir - straight line, f - acid dragon
Aim: an acid dragon (catching its breath, 74% to hit)
The bolt of light hits the acid dragon!
The acid dragon is heavily wounded.
The acid dragon is blinded.
The acid dragon misses you. The acid dragon barely misses you.
You thump the acid dragon! You burn the acid dragon.
The acid dragon is almost dead.
The acid dragon spits acid at you. The splash of acid hits you!!
* * * LOW HITPOINT WARNING * * *
The acid corrodes you!
You hit the acid dragon but do no damage.
The acid dragon is almost dead.
The acid dragon spits acid at you. The splash of acid hits you!!
You die...

........#.....#
###########.....#
.8.8.8..........#
...........######
.8.8.8.....#
#########....#
.............#
[............#
............@#
#############D....#
.....# .....#
....... .....#.
....... #######


You could see an acid dragon (blind, unable to see you, catching breath).

Vanquished Creatures
  Amaemon (D:9)
  Maurice (D:7)
  Joseph (D:9)
  An orange demon (D:9)
  A hornet (D:10)
  Prince Ribbit (D:9)
  A shadow (D:9)
  A vampire (D:9)
  A yak (D:9)
  3 steam dragons
  2 wyverns
  Grum (D:8)
  Duvessa (D:6)
  A water moccasin (D:6)
  A black bear (D:5)
  3 orc warriors
  A swamp drake (D:5)
  An ice beast (D:9)
  3 sky beasts (D:7)
  An ogre (D:5)
  3 wolves (D:8)
  4 centaurs
  A phantom (D:6)
  4 kobold brigands
  A bullfrog (D:8)
  A gnoll sergeant (D:9)
  6 wights
  A scorpion (D:7)
  Dowan (D:6)
  An electric eel (D:7)
  A howler monkey (D:5)
  3 bombardier beetles
  3 orc priests
  4 hounds (D:5)
  A jelly (D:8)
  12 iguanas
  13 orc wizards
  Ijyb (D:4)
  4 adders
  10 gnolls
  A white imp (D:7)
  2 dart slugs
  5 ribbon worms
  25 orcs
  3 bats
  9 endoplasms
  A giant cockroach (D:2)
  12 goblins
  3 hobgoblins
  4 jackals
  4 quokkas
  3 ball pythons
  13 frilled lizards
  17 kobolds
  3 rats
207 creatures vanquished.

Vanquished Creatures (collateral kills)
  Pikel (D:8)
  An orc priest (D:8)
  Crazy Yiuf (D:2)
  4 orcs (D:8)
7 creatures vanquished.

Vanquished Creatures (others)
  A wight (D:6)
  A kobold zombie (D:4)
2 creatures vanquished.

Grand Total: 216 creatures vanquished

Notes
Turn   | Place    | Note
-------+----------+-------------------------------------------
     0 | D:1      | Gabide the Demigod Wanderer began the quest for the Orb.
     0 | D:1      | Gabide set off with the following items: a +0 spear, a
                  | phantom mirror, 13 poisoned darts, a +0 dagger, a potion of
                  | brilliance, a +0 leather armour.
     0 | D:1      | Reached XP level 1. HP: 17/17 MP: 3/3
   260 | D:1      | Reached XP level 2. HP: 17/24 MP: 4/4
   387 | D:1      | You fall into a shaft and drop 1 floor!
   454 | D:2      | Identified the +1 scale mail of Pride {Int+4}
   667 | D:2      | Found a runed translucent door.
   668 | D:2      | Noticed Crazy Yiuf
   675 | D:2      | Killed Crazy Yiuf
   676 | D:2      | Reached skill level 1 in Dodging
   676 | D:2      | Reached XP level 3. HP: 29/29 MP: 5/5
  1223 | D:3      | Reached XP level 4. HP: 17/37 MP: 6/6
  1882 | D:4      | Reached skill level 1 in Staves
  1887 | D:4      | Reached XP level 5. HP: 14/42 MP: 7/7
  2343 | D:4      | Noticed Ijyb
  2382 | D:4      | Killed Ijyb
  2647 | D:5      | Entered Level 5 of the Dungeon
  2677 | D:5      | Noticed a black bear
  2683 | D:5      | Killed a black bear
  2684 | D:5      | Reached XP level 6. HP: 51/51 MP: 8/8
  3105 | D:5      | Reached XP level 7. HP: 10/57 MP: 9/9
  4366 | D:6      | Reached XP level 8. HP: 66/66 MP: 10/10
  4781 | D:6      | Found a staircase to the Ecumenical Temple.
  4837 | Temple   | Entered the Ecumenical Temple
  5201 | D:6      | Noticed Duvessa
  5202 | D:6      | Noticed Dowan
  5211 | D:6      | Killed Duvessa
  5222 | D:6      | Killed Dowan
  5602 | D:7      | Found Kioschi's General Store.
  5614 | D:7      | Found Xepp's Distillery.
  5633 | D:7      | Bought a potion of curing for 39 gold pieces
  5633 | D:7      | Bought a potion of cancellation for 104 gold pieces
  5633 | D:7      | Bought a potion of might for 52 gold pieces
  5738 | D:7      | Noticed Maurice
  5756 | D:7      | Killed Maurice
  5757 | D:7      | Reached skill level 5 in Fighting
  5757 | D:7      | Reached skill level 5 in Armour
  5757 | D:7      | Reached skill level 5 in Dodging
  5757 | D:7      | Reached skill level 5 in Evocations
  5757 | D:7      | Reached XP level 9. HP: 74/74 MP: 11/11
  5890 | D:7      | Found Ashilon's General Store.
  6063 | D:7      | Reached skill level 5 in Staves
  6464 | D:7      | Bought a potion of heal wounds for 65 gold pieces
  6464 | D:7      | Bought a scroll of blinking for 97 gold pieces
  6464 | D:7      | Bought a scroll of identify for 26 gold pieces
  6561 | D:8      | Noticed Grum
  6571 | D:8      | Killed Grum
  6752 | D:8      | Noticed Syis's ghost (novice FeBe)
  6753 | D:8      | Found a transporter.
  6753 | D:8      | Identified the +7 giant spiked club of the Mouth {elec,
                  | *Slow rElec rN+}
  6753 | D:8      | Noticed a two-headed ogre
  6913 | D:8      | Noticed Pikel
  6919 | D:8      | Killed Pikel
  7629 | D:9      | Reached XP level 10. HP: 83/83 MP: 13/13
  8051 | D:9      | Noticed Joseph
  8068 | D:9      | Killed Joseph
  8208 | D:9      | Noticed Amaemon
  8210 | D:9      | Found a staircase to the Lair.
  8218 | D:9      | Killed Amaemon
  8414 | D:9      | Noticed Prince Ribbit
  8420 | D:9      | Killed Prince Ribbit
  9169 | D:10     | Entered Level 10 of the Dungeon
  9205 | D:10     | Paralysed by a hornet for 1 turns
  9348 | D:10     | Killed from afar by an acid dragon

Illustrated notes

Levels and vault maps discovered:
D:1:      tarquinn_simple_flora_water_f, layout_basic
D:2:      layout_rooms, basic_altar, minmay_lizard_pond, uniq_crazy_yiuf_cottage
D:3:      layout_basic, mainiacjoe_overflow_small_starburst
D:4:      kennysheep_the_goblin_king, layout_basic
D:5:      minmay_thinvault, layout_basic, ebering_dispersal_statue_hall
D:6:      layout_basic, grunt_temple_overflow_open, temple_statues, uniq_duvessa
D:7:      layout_rooms, mainiacjoe_overflow_24_doors, serial_shops,
          nicolae_shop_advertising_works [nicolae_subvault_shop_adworks],
          nicolae_inconvenience_store, nicolae_square_shop, uniq_maurice
D:8:      layout_loops_ring, gammafunk_ghost_smash, minmay_chambers_of_fives,
          uniq_pikel, uniq_grum
D:9:      minmay_angry_zag, layout_grid_maze, dpeg_oklobed_lair, uniq_amaemon,
          uniq_joseph, uniq_prince_ribbit1
D:10:     layout_gridville, kennysheep_okawaru_gauntlet,
          lemuel_coloured_pillars_altar, orc_0_dummy, chequers_avenue,
          roderic_lattice_a, uniq_urug
Temple:   hellmonk_temple_two_chambers

Skill      XL: |  1  2  3  4  5  6  7  8  9 10 |
---------------+-------------------------------+-----
Fighting       | 2 3 5 6 7 |  7.0
Throwing       | 2 3 |  3.0
Armour         | 2 3 5 6 |  6.9
Dodging        | 1 2 3 5 6 |  6.9
Evocations     | 3 4 5 6 7 |  7.0
Polearms       | 2 |  2.6
Staves         | 1 2 3 4 5 6 |  6.7

Action                     |  1- 3 |  4- 6 |  7- 9 | 10-12 || total
---------------------------+-------+-------+-------+-------++-------
  Melee: Spear             |    27 |       |       |       ||    27
         Punch             |     1 |       |       |       ||     1
         Dagger            |    26 |       |       |       ||    26
         Quarterstaff      |    30 |   123 |   284 |   104 ||   541
  Throw: Dart              |     4 |    25 |     1 |     1 ||    31
         Boomerang         |       |       |     3 |       ||     3
  Evoke: Phantom mirror    |     1 |       |     1 |       ||     2
         Wand              |       |     3 |     8 |     4 ||    15
    Use: Scroll            |       |     9 |     8 |     2 ||    19
         Potion            |       |     1 |     1 |     4 ||     6
   Stab: Sleeping          |     3 |       |       |       ||     3
         Confused          |       |       |     1 |     1 ||     2
 Armour: Leather armour    |    44 |       |       |       ||    44
         Scale mail        |     4 |   104 |   224 |   128 ||   460
  Dodge: Dodged            |    59 |    61 |   177 |    74 ||   371
